 Dungeon Crawl Stone Soup version 0.29.1-2-gbd0b4ee654 (webtiles) character file.

Game seed: 16834427681204953961

68 xian the Trooper (level 4, -1/39 HPs)
             Began as a Palentonga Abyssal Knight on Oct 26, 2022.
             Was a Priest of Lugonu.
             Slain by a hobgoblin (4 damage)
             ... led by Robin
             ... on level 3 of the Dungeon.
             The game lasted 00:04:11 (1938 turns).

xian the Trooper (Palentonga Abyssal Knight)        Turns: 1938, Time: 00:04:12

Health: -1/39      AC:  4    Str: 20    XL:     4   Next: 1%
Magic:  5/5        EV:  9    Int: 11    God:    Lugonu [***...]
Gold:   126        SH:  0    Dex: 10    Spells: 3/3 levels left

rFire   . . .      SeeInvis +   a - +1 hand axe
rCold   . . .      Faith    .   (no shield)
rNeg    . . .      Spirit   .   b - +0 leather armour
rPois   .          Reflect  .   (no helmet)
rElec   .          Harm     .   (no cloak)
rCorr   .          Rampage  .   (no gloves)
Will    .....                   (no barding)
Stlth   +.........              (no amulet)
HPRegen 0.13/turn               (no ring)
MPRegen 0.09/turn               (no ring)

@: brilliant
A: large, rugged brown scales 3, see invisible, deformed body, roll 1, armoured
tail
a: Rolling Charge, Renounce Religion, Depart the Abyss, Bend Space, Banish


You were on level 3 of the Dungeon.
You worshipped Lugonu.
Lugonu was most pleased with you.
You visited 1 branch of the dungeon, and saw 3 of its levels.
You visited the Abyss 1 time.

You collected 126 gold pieces.

Inventory:

Hand Weapons
 a - a +1 hand axe (weapon)
 n - a +0 eveningstar
Missiles
 p - 2 javelins
Armour
 b - a +0 leather armour (worn)
Scrolls
 e - 2 scrolls of immolation
 f - a scroll of magic mapping {unknown}
 i - 2 scrolls of silence {unknown}
 k - a scroll of poison {unknown}
 l - a scroll of blinking {unknown}
 m - 2 scrolls of identify {unknown}
 o - a scroll of fear {unknown}
Potions
 c - 2 potions of brilliance
 d - a potion of heal wounds {unknown}
 g - a potion of resistance {unknown}
 h - a potion of curing {unknown}
 j - a potion of attraction {unknown}
 q - a potion of haste {unknown}
 r - a potion of mutation {unknown}


   Skills:
 + Level 3.9 Fighting
 + Level 2.8 Axes
 + Level 2.0 Armour
 + Level 1.0 Dodging
 * Level 2.3 Invocations


You had 3 spell levels left.
You didn't know any spells.
Your spell library contained the following spells:

 Spells                   Type           Power      Damage    Failure   Level
 Stone Arrow              Conj/Erth      0%         3d7       77%         3
 Animate Armour           Summ/Erth      0%         N/A       99%         4
 Lehudib's Crystal Spear  Conj/Erth      0%         10d2      100%        8


Dungeon Overview and Level Annotations

Branches:
Dungeon (3/15)

Altars:
Dithmenos

Annotations:
D:3 Robin


Innate Abilities, Weirdness & Mutations

You are completely covered in rugged brown scales. (AC +3, +7% HP)
You have supernaturally acute eyesight. (SInv)
Armour fits poorly on your strangely shaped body.
You can roll at nearby foes to attack.
You have a long armoured tail.


Message History

You slash the hobgoblin!
You kill the hobgoblin!
Lugonu accepts your kill.
You closely miss the hobgoblin. You hit the goblin.
You kill the goblin!
Lugonu accepts your kill.
You barely miss the hobgoblin. You closely miss the goblin.
The hobgoblin hits you.
Robin roars a battlecry!
The hobgoblin hits you but does no damage.
The goblin barely misses you.
You hear a shout!
You hit the hobgoblin.
You kill the hobgoblin!
Lugonu accepts your kill.
You barely miss the hobgoblin. You hit the goblin.
The hobgoblin hits you but does no damage.
A goblin comes into view. It is wielding a +0 dagger.
Robin hits you from afar with a +0 trident.
The goblin hits you with a +0 club.
You have reached level 4!
You feel clever.
You are too injured to fight recklessly!
You don't know any spells.
Unknown command.
Roll where?
Press: ? - help, Dir - move target, f - Robin
Aim: Robin, wielding a +0 trident, wearing a +0 animal skin and wearing a +0 helmet You roll forward with a clatter of scales!
You barely miss Robin. You tail-slap Robin, but do no damage.
You hit the hobgoblin but do no damage. The hobgoblin hits you.
* * * LOW HITPOINT WARNING * * *
Robin hits you with a +0 trident.
* * * LOW HITPOINT WARNING * * *
Unknown command.
You hit Robin but do no damage. You hit the goblin but do no damage.
You hit the hobgoblin. Robin hits you with a +0 trident.
* * * LOW HITPOINT WARNING * * *
The hobgoblin hits you.
You die...

.#.###.#
.#.....##########
...
.....†..........###
...
.#.....#####......#
.... .#.....#
#......#.....
.#.....#
+......#.....
.#.....#
#....))......
.......#
#....g.......
.###+#..
#....@g...... .#
..#. #.....g.#.#..#
#.......# .. #
.....#...# ##
##.#.#.#g# .... #.
.. .... .. .# .. ..
.#


You could see Robin, a hobgoblin (strong) and 2 goblins.

Vanquished Creatures
  A worm (D:2)
  3 dart slugs
  An orc (D:3)
  5 ball pythons
  An endoplasm (D:2)
  11 goblins
  10 hobgoblins
  3 jackals (D:1)
  5 kobolds
  2 quokkas (D:1)
  3 bats (D:1)
  3 frilled lizards
  3 rats
51 creatures vanquished.

Notes
Turn   | Place    | Note
-------+----------+-------------------------------------------
     0 | Abyss:1  | xian the Palentonga Abyssal Knight began the quest for the
                  | Orb.
     0 | Abyss:1  | Reached XP level 1. HP: 19/19 MP: 2/2
     1 | D:1      | Escaped the Abyss
    74 | D:1      | Found a faded altar of an unknown god.
   128 | D:1      | Reached XP level 2. HP: 9/25 MP: 3/3
   594 | D:1      | Reached *** piety under Lugonu
   968 | D:1      | Reached XP level 3. HP: 30/32 MP: 4/4
  1238 | D:2      | Found a shadowy altar of Dithmenos.
  1928 | D:3      | Noticed Robin
  1935 | D:3      | Reached skill level 1 in Dodging
  1937 | D:3      | Reached XP level 4. HP: 12/39 MP: 5/5
  1938 | D:3      | Slain by a hobgoblin

Illustrated notes

Levels and vault maps discovered:
D:1:      saegor_arrival_fortress, layout_basic,
          hellmonk_ecumenical_altar_blasted
D:2:      layout_basic, basic_altar
D:3:      layout_basic, tso_oasis_becter, uniq_robin, uniq_terence, uniq_grinder

Skill      XL: |  1  2  3 |
---------------+----------+-----
Armour         | 2 |  2.0
Dodging        | 1 |  1.0
Fighting       | |  3.9
Axes           | |  2.8
Invocations    | |  2.3

Action                   |  1- 3 |  4- 6 || total
-------------------------+-------+-------++-------
Melee: Hand axe          |   106 |     2 ||   108
       Tailslap          |    14 |     1 ||    15
       Punch             |     1 |       ||     1
 Abil: Rolling Charge    |    23 |     1 ||    24
  Use: Potion            |     1 |       ||     1
Armor: Leather armour    |    49 |       ||    49
Dodge: Dodged            |    61 |       ||    61
